[Event "*** Titled Tuesday Blitz"]
[Site "Chess.com"]
[Date "2020.05.05"]
[Round "1"]
[White "yarosavich"]
[Black "FightingChess"]
[Result "1-0"]
[WhiteElo "2726"]
[BlackElo "2376"]
[TimeControl "180+1"]
[EndTime "10:00:57 PDT"]
[Termination "yarosavich won by resignation"]

1. d4 d5 2. c4 c6 3. cxd5 cxd5 4. Nf3 Nf6 5. Nc3 Nc6 6. Bf4 Bf5 7. e3 e6 8. Qb3 Bb4 9. Ne5 Rc8 10. Nxc6 Bxc3+ 11. bxc3 Rxc6 12. Bb5 1-0

[Event "*** Titled Tuesday Blitz"]
[Site "Chess.com"]
[Date "2020.05.05"]
[Round "1"]
[White "lIlIlIlI_lIl"]
[Black "Chessdemon2019"]
[Result "1-0"]
[WhiteElo "2567"]
[BlackElo "2233"]
[TimeControl "180+1"]
[EndTime "10:01:34 PDT"]
[Termination "lIlIlIlI_lIl won by resignation"]

1. e4 c5 2. Nc3 Nc6 3. Bb5 Nd4 4. Bc4 e6 5. Nge2 Nf6 6. O-O d6 7. d3 Be7 8. Nxd4 cxd4 9. Ne2 e5 10. f4 O-O 11. Ng3 a6 12. Bb3 Ng4 13. fxe5 dxe5 14. Nf5 Bg5 15. Qxg4 1-0

[Event "*** Titled Tuesday Blitz"]
[Site "Chess.com"]
[Date "2020.05.05"]
[Round "1"]
[White "Justinz"]
[Black "Berardino"]
[Result "0-1"]
[WhiteElo "2331"]
[BlackElo "2659"]
[TimeControl "180+1"]
[EndTime "10:01:43 PDT"]
[Termination "Berardino won by resignation"]

1. e4 c5 2. Nf3 b6 3. d4 cxd4 4. Nxd4 Bb7 5. Nc3 Nf6 6. Bd3 Nc6 7. Nxc6 Bxc6 8. Bg5 e6 9. Qe2 Qc7 10. e5 Nd5 11. Ne4 h6 12. Bh4 Qxe5 13. O-O-O Qf4+ 0-1

[Event "*** Titled Tuesday Blitz"]
[Site "Chess.com"]
[Date "2020.05.05"]
[Round "1"]
[White "narutosmith"]
[Black "talman67"]
[Result "1-0"]
[WhiteElo "2270"]
[BlackElo "2568"]
[TimeControl "180+1"]
[EndTime "10:01:54 PDT"]
[Termination "narutosmith won by resignation"]

1. c4 e5 2. Nc3 Nf6 3. Nf3 Nc6 4. d4 e4 5. Nd2 Bb4 6. e3 d6 7. Be2 Bxc3 8. bxc3 O-O 9. O-O Re8 10. f3 exf3 11.
Bxf3 Rxe3 12. Nb3 Re8 13. Bg5 h6 14. Bxf6 Qxf6 15. Bxc6 Qg6 16. Bxe8 1-0

[Event "*** Titled Tuesday Blitz"]
[Site "Chess.com"]
[Date "2020.05.05"]
[Round "1"]
[White "tgpgoat"]
[Black "Pittiplatsh"]
[Result "0-1"]
[WhiteElo "2061"]
[BlackElo "2493"]
[TimeControl "180+1"]
[EndTime "10:02:26 PDT"]
[Termination "Pittiplatsh won by resignation"]

1. e4 c5 2. Nf3 d6 3. d4 cxd4 4. Nxd4 Nf6 5. Nc3 a6 6. Be3 e6 7.
Be2 Nbd7 8. O-O b5 9. a3 Bb7 10. Bd3 Be7 11. f4 Rc8 12. g4 Rxc3 13. bxc3 Nxe4 14.
c4 bxc4 15. Bxc4 Qc7 16. Bd3 O-O 17. Rb1 Ndc5 18. Qe2 Nc3 19. Bxh7+ Kxh7 20. Qd3+ Nxd3 0-1

[Event "*** Titled Tuesday Blitz"]
[Site "Chess.com"]
[Date "2020.05.05"]
[Round "1"]
[White "12teen"]
[Black "Frogo47"]
[Result "1-0"]
[WhiteElo "2791"]
[BlackElo "2411"]
[TimeControl "180+1"]
[EndTime "10:02:36 PDT"]
[Termination "12teen won by resignation"]

1. e4 e5 2. Nc3 Nf6 3. g3 Bc5 4. Bg2 c6 5. d3 d5 6. f4 dxe4 7. fxe5 Ng4 8. Nxe4 Bxg1 9. Rxg1 Nxe5 10. Bf4 f6 11. Bxe5 fxe5 12. Qh5+ Kf8 13. Rf1+ 1-0

[Event "*** Titled Tuesday Blitz"]
[Site "Chess.com"]
[Date "2020.05.05"]
[Round "1"]
[White "mc4chess"]
[Black "SantoBlue"]
[Result "0-1"]
[WhiteElo "2445"]
[BlackElo "2874"]
[TimeControl "180+1"]
[EndTime "10:02:39 PDT"]
[Termination "SantoBlue won by checkmate"]

1. e4 d6 2. d4 Nf6 3. Nc3 e5 4. Nf3 Nbd7 5. Bc4 Be7 6. Bxf7+ Kxf7 7. Ng5+ Kg8 8. Ne6 Qe8 9. Nxc7 Qg6 10. Nxa8 Qxg2 11.
Rf1 exd4 12. Qxd4 Ne5 13. Qe3 Bh3 14. Qe2 Nf3+ 15. Kd1 Qxf1+ 16. Qxf1 Bxf1 17. Be3 Ng4 18. Bxa7 Kf7 19. Nc7 Bg5 20. N7d5 Ra8 21. Bb6 Ra6 22. a4 Rxb6 23. Nxb6 Nxf2# 0-1

[Event "*** Titled Tuesday Blitz"]
[Site "Chess.com"]
[Date "2020.05.05"]
[Round "1"]
[White "kingofkolkata"]
[Black "Astaneh"]
[Result "0-1"]
[WhiteElo "2214"]
[BlackElo "2560"]
[TimeControl "180+1"]
[EndTime "10:02:49 PDT"]
[Termination "Astaneh won by resignation"]

1. d4 Nf6 2. c4 g6 3. g3 Bg7 4.
Bg2 d5 5. Nf3 O-O 6. O-O dxc4 7.
Ne5 Nbd7 8. Nxc4 c6 9. Nc3 Nb6 10. Ne5 Nfd7 11. Nf3 e5 12. dxe5 Nxe5 13. Bg5 Nxf3+ 14.
Bxf3 Qxg5 15. Ne4 Qe7 16. Rc1 Bxb2 17. Rb1 Bg7 18. a4 Bf5 19. Qc2 Rfe8 20. a5 Nd5 0-1

[Event "*** Titled Tuesday Blitz"]
[Site "Chess.com"]
[Date "2020.05.05"]
[Round "1"]
[White "wanyaland"]
[Black "Anna_ChessMate"]
[Result "1-0"]
[WhiteElo "2243"]
[BlackElo "2522"]
[TimeControl "180+1"]
[EndTime "10:02:50 PDT"]
[Termination "wanyaland won by resignation"]

1. d4 Nf6 2. c4 g6 3. Nc3 d5 4. Bf4 Bg7 5. Rc1 O-O 6. e3 Nc6 7.
Be2 Bf5 8. Nf3 Re8 9. O-O dxc4 10. Bxc4 Ne4 11. Nxe4 Bxe4 12. Bxf7+ Kxf7 13. Ng5+ Kg8 14. Nxe4 Qd5 15. Nc3 Qf7 16. Bxc7 Rac8 17. Bg3 h5 18. Qa4 a6 19. Qb3 e6 20. Na4 Kh7 21. Nc5 Qe7 22. Qxb7 Qf8 23. Ne4 1-0

[Event "*** Titled Tuesday Blitz"]
[Site "Chess.com"]
[Date "2020.05.05"]
[Round "1"]
[White "EvgenyRomanov"]
[Black "JakeCarlosBanawa"]
[Result "1-0"]
[WhiteElo "2643"]
[BlackElo "2312"]
[TimeControl "180+1"]
[EndTime "10:02:55 PDT"]
[Termination "EvgenyRomanov won by resignation"]

1. c4 Nf6 2. Nc3 e6 3. e4 d5 4. e5 d4 5. exf6 dxc3 6. bxc3 Qxf6 7. Nf3 b6 8. g3 Bb7 9. Bg2 Qd8 10. d4 Be7 11. Qd3 Nd7 12. O-O O-O 13. Bf4 Bd6 14. Ng5 1-0

[Event "*** Titled Tuesday Blitz"]
[Site "Chess.com"]
[Date "2020.05.05"]
[Round "1"]
[White "Saloni1299"]
[Black "Aygehovit1992"]
[Result "0-1"]
[WhiteElo "2347"]
[BlackElo "2683"]
[TimeControl "180+1"]
[EndTime "10:02:57 PDT"]
[Termination "Aygehovit1992 won by resignation"]

1. e4 c5 2. Nf3 d6 3. d4 cxd4 4. Nxd4 Nf6 5. Nc3 Nc6 6. Bg5 Bd7 7. Qd2 h6 8. Be3 Ng4 9. Nxc6 bxc6 10. Bd4 c5 11. Be3 Nxe3 12. Qxe3 Rb8 13. b3 g6 14. Rd1 Bg7 15. a4 Qa5 16. Rd3 c4 17. bxc4 Rb1+ 18. Kd2 Bxa4 19. Rd5 Bxc3+ 20. Qxc3 Rd1+ 21. Kxd1 Qxc3 0-1

[Event "*** Titled Tuesday Blitz"]
[Site "Chess.com"]
[Date "2020.05.05"]
[Round "1"]
[White "chesslh19"]
[Black "Fighter008"]
[Result "0-1"]
[WhiteElo "2148"]
[BlackElo "2522"]
[TimeControl "180+1"]
[EndTime "10:02:57 PDT"]
[Termination "Fighter008 won by resignation"]

1. e4 c5 2. Nf3 e6 3. d4 cxd4 4. Nxd4 a6 5. Bd3 g6 6. c4 Bg7 7. Ne2 Ne7 8. O-O O-O 9. Nbc3 Nbc6 10. Bg5 h6 11. Be3 d6 12. Qd2 Kh7 13. f3 Qc7 14. Rac1 Ne5 15. b3 b6 16. Kh1 Bb7 17. Na4 Nd7 18.
Rfd1 Rad8 19. Nd4 Nc5 20. Nxc5 dxc5 21. Ne2 Nc6 22. Bb1 Rxd2 0-1

[Event "*** Titled Tuesday Blitz"]
[Site "Chess.com"]
[Date "2020.05.05"]
[Round "1"]
[White "LeonValdes"]
[Black "Biranidun"]
[Result "0-1"]
[WhiteElo "2374"]
[BlackElo "2721"]
[TimeControl "180+1"]
[EndTime "10:03:12 PDT"]
[Termination "Biranidun won by resignation"]

1. d4 Nf6 2. c4 g6 3. f3 d5 4. cxd5 Nxd5 5. e4 Nb6 6. Nc3 Bg7 7. Be3 O-O 8. Qd2 Nc6 9. O-O-O f5 10. e5 Nb4 11. Nh3 Be6 12. Kb1 Qd7 13. Nf4 Bf7 14. h4 Rfd8 15. Qc1 a5 16. Be2 Na4 17. e6 Bxe6 18.
Nxe6 Qxe6 19. Nd5 Nxd5 0-1

[Event "*** Titled Tuesday Blitz"]
[Site "Chess.com"]
[Date "2020.05.05"]
[Round "1"]
[White "ChessQueen"]
[Black "Jaka_Brilej"]
[Result "1-0"]
[WhiteElo "2700"]
[BlackElo "2359"]
[TimeControl "180+1"]
[EndTime "10:03:12 PDT"]
[Termination "ChessQueen won by resignation"]

1. Nf3 f5 2. d4 Nf6 3. g3 g6 4.
Bg2 Bg7 5. O-O d6 6. c4 O-O 7.
Nc3 c6 8. d5 e5 9. dxe6 Bxe6 10. Qd3 Na6 11. Bf4 Ne8 12. b3 Nc5 13. Qd2 Qf6 14.
Rac1 Rd8 15. Bg5 Qf7 16. Bxd8 1-0

[Event "*** Titled Tuesday Blitz"]
[Site "Chess.com"]
[Date "2020.05.05"]
[Round "1"]
[White "Onischuk_V"]
[Black "Azoulas1"]
[Result "1-0"]
[WhiteElo "2487"]
[BlackElo "1892"]
[TimeControl "180+1"]
[EndTime "10:03:14 PDT"]
[Termination "Onischuk_V won by resignation"]

1. e4 c5 2. Nf3 e6 3. b3 Nf6 4. e5 Nd5 5. Bb2 Nc6 6. g3 Be7 7. Bg2 b6 8. O-O Bb7 9. c4 Nc7 10. d4 cxd4 11. Nxd4 O-O 12. Nxc6 Bxc6 13. Bxc6 dxc6 14.
Qf3 Qe8 15. Nc3 Rd8 16. Rad1 Na6 17. Ne4 Nc5 18. Nf6+ Bxf6 19. exf6 Rxd1 20. Rxd1 g6 21. Qe3 e5 22. Qh6 Ne6 23. Rd6 1-0

[Event "*** Titled Tuesday Blitz"]
[Site "Chess.com"]
[Date "2020.05.05"]
[Round "1"]
[White "Nellichka"]
[Black "Kassimov_B"]
[Result "0-1"]
[WhiteElo "2079"]
[BlackElo "2497"]
[TimeControl "180+1"]
[EndTime "10:03:23 PDT"]
[Termination "Kassimov_B won by resignation"]

1. d4 d6 2. e4 Nf6 3. f3 e5 4. c4 exd4 5. Qxd4 Nc6 6. Qd1 g6 7. Nc3 Bg7 8. Bd3 O-O 9. Nge2 Ne5 10. O-O Be6 11. Nd5 c6 12. Ne3 d5 13. cxd5 cxd5 14. Nf4 Nxd3 15. Qxd3 dxe4 16. Bd2 exd3 0-1

[Event "*** Titled Tuesday Blitz"]
[Site "Chess.com"]
[Date "2020.05.05"]
[Round "1"]
[White "Mikhail_Golubev"]
[Black "Irina_Barchuk"]
[Result "1-0"]
[WhiteElo "2533"]
[BlackElo "2184"]
[TimeControl "180+1"]
[EndTime "10:03:24 PDT"]
[Termination "Mikhail_Golubev won by resignation"]

1. e4 c5 2. Nf3 Nc6 3. Nc3 g6 4.
d4 cxd4 5. Nxd4 Bg7 6. Be3 Nf6 7. Nxc6 bxc6 8. e5 Nd5 9. Nxd5 cxd5 10. Qxd5 Rb8 11.
O-O-O O-O 12. Bxa7 e6 13. Qd4 Qg5+ 14. f4 Bxe5 15. fxg5 Bxd4 16. Bxb8 Be3+ 17. Kb1 Bxg5 18. Bd6 Re8 19. a4 1-0

[Event "*** Titled Tuesday Blitz"]
[Site "Chess.com"]
[Date "2020.05.05"]
[Round "1"]
[White "Poghosyan_Suren"]
[Black "BillCoe"]
[Result "1-0"]
[WhiteElo "2482"]
[BlackElo "2018"]
[TimeControl "180+1"]
[EndTime "10:03:26 PDT"]
[Termination "Poghosyan_Suren won by resignation"]

1. d4 d5 2. Nf3 e6 3. c4 Nf6 4. Nc3 Be7 5. cxd5 exd5 6. Bg5 c6 7. Qc2 g6 8. Bxf6 Bxf6 9. e4 dxe4 10. Qxe4+ Qe7 11. Bc4 O-O 12. Qxe7 Bxe7 13. O-O-O Bg4 14. Rde1 Bb4 15. Ne5 Bc8 16. Nxf7 Rxf7 17. Re8+ Kg7 18. Rxc8 1-0

[Event "*** Titled Tuesday Blitz"]
[Site "Chess.com"]
[Date "2020.05.05"]
[Round "1"]
[White "Jumbo"]
[Black "Al_Shima"]
[Result "1-0"]
[WhiteElo "2881"]
[BlackElo "2449"]
[TimeControl "180+1"]
[EndTime "10:03:29 PDT"]
[Termination "Jumbo won by resignation"]

1. d4 b5 2. e4 Bb7 3. Nd2 a6 4. Ngf3 e6 5. Bd3 Nf6 6. O-O c5 7. c3 Be7 8. Re1 O-O 9. e5 Nd5 10. Ne4 c4 11. Bc2 f5 12. exf6 Nxf6 13. Ng3 Bd6 14. Bg5 Nc6 15. d5 exd5 16. Bxf6 Qxf6 17. Qxd5+ Kh8 18. Ne4 Bxh2+ 19. Nxh2 Qd8 20. Nd6 1-0

[Event "*** Titled Tuesday Blitz"]
[Site "Chess.com"]
[Date "2020.05.05"]
[Round "1"]
[White "Parhamov"]
[Black "Rytenko_V"]
[Result "1-0"]
[WhiteElo "3010"]
[BlackElo "2468"]
[TimeControl "180+1"]
[EndTime "10:03:37 PDT"]
[Termination "Parhamov won by resignation"]

1. e4 c5 2. Nf3 d6 3. d4 cxd4 4. Nxd4 Nf6 5. Nc3 g6 6. Bg5 Bg7 7. Qd2 Nc6 8. Nb3 Be6 9. Be2 O-O 10. O-O Na5 11. Bh6 Nc4 12. Bxc4 Bxc4 13. Rfe1 Rc8 14.
Bxg7 Kxg7 15. h3 Qb6 16. Re3 Rfd8 17. Rae1 e5 18. Rf3 Qc6 19. Qg5 Ne8 20. Na5 Qc7 21.
Nxc4 Qxc4 22. Nd5 Qxc2 23. Qe7 Kh8 24. Rxf7 1-0

[Event "*** Titled Tuesday Blitz"]
[Site "Chess.com"]
[Date "2020.05.05"]
[Round "1"]
[White "DrVitman"]
[Black "mariangie523"]
[Result "1-0"]
[WhiteElo "2486"]
[BlackElo "2041"]
[TimeControl "180+1"]
[EndTime "10:03:37 PDT"]
[Termination "DrVitman won by resignation"]

1. e4 c5 2. Nc3 Nc6 3. Bb5 Nd4 4. Nf3 Nxb5 5. Nxb5 a6 6. Nc3 g6 7. d4 cxd4 8. Qxd4 f6 9. Be3 e5 10. Nxe5 Bg7 11.
Nc4 Qe7 12. Nd6+ Kf8 1-0

[Event "*** Titled Tuesday Blitz"]
[Site "Chess.com"]
[Date "2020.05.05"]
[Round "1"]
[White "MathiasWomacka"]
[Black "Shield12"]
[Result "0-1"]
[WhiteElo "2427"]
[BlackElo "2825"]
[TimeControl "180+1"]
[EndTime "10:03:45 PDT"]
[Termination "Shield12 won by resignation"]

1. e4 e5 2. Nf3 Nc6 3. Bc4 Bc5 4. O-O Nf6 5. d3 d6 6. c3 a6 7. d4 Ba7 8. dxe5 Nxe5 9. Nxe5 dxe5 10. Qxd8+ Kxd8 11. Re1 Ke7 12. Nd2 b5 13. Bb3 Bb7 14. h3 Rad8 15. Nf3 Nxe4 16. Be3 Bxe3 17. Rxe3 f6 18. a4 Nc5 19. Bc2 Bxf3 20. Rxf3 Rd2 21. Rc1 bxa4 22.
Kf1 Rb8 23. Ke1 Rd6 24. Bxh7 Rxb2 25. Rg3 Kf8 26. c4 Rdd2 27. Rb1 Re2+ 28. Kd1 Rbd2+ 0-1

[Event "*** Titled Tuesday Blitz"]
[Site "Chess.com"]
[Date "2020.05.05"]
[Round "1"]
[White "Lunow"]
[Black "Artem_Sadovsky"]
[Result "0-1"]
[WhiteElo "2199"]
[BlackElo "2543"]
[TimeControl "180+1"]
[EndTime "10:03:46 PDT"]
[Termination "Artem_Sadovsky won by resignation"]

1. c4 g6 2. g3 Bg7 3. Bg2 e5 4. Nc3 f5 5. e4 Nf6 6. d3 O-O 7. Nge2 d6 8. Nd5 c6 9. Nxf6+ Qxf6 10. O-O Nd7 11. Be3 f4 12. gxf4 exf4 13. Nxf4 Qxb2 14.
Ne6 Qxa1 15. Qxa1 Bxa1 16. Nxf8 Bg7 17. Nxd7 Bxd7 18. Rb1 b6 19. a4 c5 20. a5 Rb8 21.
axb6 Rxb6 22. Ra1 Bxa1 0-1

[Event "*** Titled Tuesday Blitz"]
[Site "Chess.com"]
[Date "2020.05.05"]
[Round "1"]
[White "CHENNAIBOND"]
[Black "Kildepiotr"]
[Result "0-1"]
[WhiteElo "1215"]
[BlackElo "2472"]
[TimeControl "180+1"]
[EndTime "10:03:47 PDT"]
[Termination "Kildepiotr won by resignation"]

1. e4 g6 2. d4 Bg7 3. Nc3 c6 4. Nf3 d6 5. Bc4 Nf6 6. O-O b5 7. Bd3 O-O 8. Re1 b4 9. Ne2 Nbd7 10. e5 Nd5 11. Nf4 dxe5 12. dxe5 Nc5 13. Bc4 Nb6 14. Bf1 Qxd1 15. Rxd1 Bg4 16. Be3 Nca4 17. e6 0-1

[Event "*** Titled Tuesday Blitz"]
[Site "Chess.com"]
[Date "2020.05.05"]
[Round "1"]
[White "swayamsm"]
[Black "allvim"]
[Result "1-0"]
[WhiteElo "2671"]
[BlackElo "2338"]
[TimeControl "180+1"]
[EndTime "10:03:55 PDT"]
[Termination "swayamsm won by resignation"]

1. d4 Nf6 2. Nf3 d5 3. Bf4 c5 4. e3 Nc6 5. Nbd2 Bg4 6. c3 e6 7. Qa4 Nd7 8. Bb5 Qb6 9. O-O Be7 10. Ne5 Ndxe5 11. dxe5 O-O 12. Bg3 a6 13. Bxc6 Qxc6 14. Qxg4 Rad8 15. Rad1 d4 16. exd4 cxd4 17. cxd4 Qc2 18.
Ne4 Qxb2 19. Nf6+ Kh8 20. Nh5 Rg8 21. Qf4 Rdf8 22. Rd2 Qc3 23. Rfd1 b5 24. Bh4 Bxh4 25. Qxh4 b4 26. Nf4 a5 27. Rd3 Qc2 28. Qxh7+ 1-0

[Event "*** Titled Tuesday Blitz"]
[Site "Chess.com"]
[Date "2020.05.05"]
[Round "1"]
[White "Tejas_Rama"]
[Black "GOGIEFF"]
[Result "0-1"]
[WhiteElo "2468"]
[BlackElo "3000"]
[TimeControl "180+1"]
[EndTime "10:03:59 PDT"]
[Termination "GOGIEFF won by resignation"]

1. Nf3 d5 2. c4 e6 3. g3 Nf6 4. Bg2 d4 5. O-O c5 6. e3 Nc6 7. exd4 cxd4 8. d3 Bd6 9. Re1 h6 10. a3 a5 11. Nbd2 O-O 12. h3 e5 13. Ne4 Nxe4 14. dxe4 Be6 15. Qc2 Qd7 16. g4 a4 17. Nd2 Rfc8 18. Qd3 Na5 19. Bf1 Nxc4 20. Nxc4 Bxc4 21. Qd1 b5 22. f4 exf4 23. e5 Bc5 24.
Bxf4 d3+ 25. Kh2 Qd4 26. Be3 Qxe5+ 27. Kh1 Bxe3 28. Qf3 Bd5 29. Rxe3 Bxf3+ 30. Rxf3 d2 31. Bg2 Rc1+ 32. Rf1 Rac8 33. Bf3 Qxb2 0-1

[Event "*** Titled Tuesday Blitz"]
[Site "Chess.com"]
[Date "2020.05.05"]
[Round "1"]
[White "Nastya_Rakhmangulova"]
[Black "ArnaudovP"]
[Result "0-1"]
[WhiteElo "2296"]
[BlackElo "2616"]
[TimeControl "180+1"]
[EndTime "10:03:59 PDT"]
[Termination "ArnaudovP won by resignation"]

1. e4 c6 2. d4 d5 3. Nc3 dxe4 4. Nxe4 Nf6 5. Nxf6+ exf6 6. c3 Bd6 7. Bd3 O-O 8. Qc2 Re8+ 9. Ne2 h5 10. O-O h4 11.
Re1 h3 12. g3 Bg4 13. Bf5 Bxf5 14. Qxf5 Qd7 15. Qf3 c5 16. Bf4 Nc6 17. Bxd6 Qxd6 18. dxc5 Qxc5 19. Nf4 Ne5 20. Qe3 Qc6 21. Kf1 Nf3 0-1

[Event "*** Titled Tuesday Blitz"]
[Site "Chess.com"]
[Date "2020.05.05"]
[Round "1"]
[White "731291"]
[Black "Spring199"]
[Result "1-0"]
[WhiteElo "2690"]
[BlackElo "2358"]
[TimeControl "180+1"]
[EndTime "10:04:02 PDT"]
[Termination "731291 won by resignation"]

1. d4 Nf6 2. Nf3 d5 3. c4 e6 4. g3 Be7 5. Bg2 O-O 6. O-O dxc4 7. Qc2 a6 8. a4 Bd7 9. Rd1 Bc6 10. Nc3 Nbd7 11. e4 b5 12. d5 exd5 13. e5 Ne4 14. Nxd5 Nec5 15. Nxe7+ Qxe7 16. Ng5 f5 17. Bxc6 Rad8 18. axb5 Nxe5 19. Bf4 h6 20. Bxe5 Rxd1+ 21. Rxd1 Qxe5 22. Qxc4+ Kh8 23. Nf7+ 1-0

[Event "*** Titled Tuesday Blitz"]
[Site "Chess.com"]
[Date "2020.05.05"]
[Round "1"]
[White "violetflower04"]
[Black "AleksanderHnydiuk"]
[Result "0-1"]
[WhiteElo "2205"]
[BlackElo "2552"]
[TimeControl "180+1"]
[EndTime "10:04:02 PDT"]
[Termination "AleksanderHnydiuk won by resignation"]

1. b3 e5 2. Bb2 Nc6 3. e3 Nf6 4. Bb5 Bd6 5. Na3 Na5 6. Nf3 Qe7 7. O-O Bxa3 8. Bxe5 O-O 9. Bxc7 Nc6 10. d4 Nd5 11. Bg3 Nc3 12. Qd3 Bb2 13. Rae1 Nb4 14. Qc4 d5 15. Qc5 Qxc5 16. dxc5 Nxb5 17. c4 dxc4 18.
bxc4 Na3 19. Bd6 Re8 20. e4 Nxc4 21. e5 Bf5 22. Re2 Bd3 23. Rfe1 Bxe2 24. Rxe2 Nd3 0-1

[Event "*** Titled Tuesday Blitz"]
[Site "Chess.com"]
[Date "2020.05.05"]
[Round "1"]
[White "Grandelicious"]
[Black "Agnes66678"]
[Result "1-0"]
[WhiteElo "2771"]
[BlackElo "2399"]
[TimeControl "180+1"]
[EndTime "10:04:07 PDT"]
[Termination "Grandelicious won by resignation"]

1. e4 d6 2. d4 Nf6 3. Nc3 e5 4. Nge2 Be7 5. h3 O-O 6. g4 c6 7. Bg2 b5 8. a3 Nbd7 9. O-O a5 10. Be3 Rb8 11. Ng3 b4 12. axb4 axb4 13. Nce2 exd4 14. Nxd4 Qc7 15. Ngf5 Ne5 16. b3 c5 17. Nxe7+ Qxe7 18. Nf5 Bxf5 19. exf5 d5 20. g5 Ne4 21. Qxd5 Nc3 22. Qxc5 Qxc5 23. Bxc5 Rfe8 24. Rfe1 f6 25. f4 Nd7 26. Bd6 Rxe1+ 27. Rxe1 Rb6 28. Re8+ Kf7 29. Re7+ Kg8 30. Rxd7 1-0

[Event "*** Titled Tuesday Blitz"]
[Site "Chess.com"]
[Date "2020.05.05"]
[Round "1"]
[White "BlackBoarder"]
[Black "Kingsman132"]
[Result "1-0"]
[WhiteElo "2724"]
[BlackElo "2376"]
[TimeControl "180+1"]
[EndTime "10:04:07 PDT"]
[Termination "BlackBoarder won by checkmate"]

1. e4 c5 2. Nf3 Nf6 3. e5 Nd5 4.
Nc3 Nxc3 5. dxc3 d6 6. exd6 exd6 7. Bc4 Be7 8. O-O O-O 9. h3 Nc6 10. Bf4 a6 11. a4 Bf5 12. Re1 Re8 13. Bxf7+ Kxf7 14.
Qd5+ Kg6 15. Re6+ Bxe6 16. Qxe6+ Bf6 17. Nh4+ Kh5 18. Qg4# 1-0

[Event "*** Titled Tuesday Blitz"]
[Site "Chess.com"]
[Date "2020.05.05"]
[Round "1"]
[White "robertofabregas"]
[Black "Natalya_Buksa"]
[Result "0-1"]
[WhiteElo "2096"]
[BlackElo "2501"]
[TimeControl "180+1"]
[EndTime "10:04:07 PDT"]
[Termination "Natalya_Buksa won by resignation"]

1. c4 e6 2. Nc3 d5 3. e3 Nf6 4.
Nf3 c5 5. cxd5 exd5 6. d4 Nc6 7.
dxc5 Bxc5 8. Bb5 O-O 9. O-O Bg4 10. h3 Bh5 11. Be2 Qd6 12. Nb5 Qe7 13. Nbd4 Bb6 14.
Nf5 Qd7 15. Ng3 Bg6 16. Nh4 d4 17. Nxg6 hxg6 18. exd4 Nxd4 19. Be3 Rad8 20. Bf3 Qc7 21. Rc1 Qb8 22. Bxd4 Bxd4 23. Qb3 Qxg3 24. Bxb7 Qxb3 25. axb3 Bxb2 26. Rc7 Bd4 0-1

[Event "*** Titled Tuesday Blitz"]
[Site "Chess.com"]
[Date "2020.05.05"]
[Round "1"]
[White "Tsyhanchuk_Stanislav"]
[Black "ntmh281"]
[Result "0-1"]
[WhiteElo "2585"]
[BlackElo "2293"]
[TimeControl "180+1"]
[EndTime "10:04:17 PDT"]
[Termination "ntmh281 won by checkmate"]

1. e4 e6 2. d4 d5 3. Nc3 Nf6 4. Bg5 dxe4 5. Nxe4 Nbd7 6. Nf3 h6 7. Bxf6 Nxf6 8.
Nxf6+ Qxf6 9. g3 c5 10. Bg2 cxd4 11. Nxd4 Bc5 12. c3 O-O 13. Nf3 Rd8 14. Qe2 Bd7 15. O-O Bc6 16. Nd2 Bxg2 17. Kxg2 Bb6 18. Ne4 Qf5 19. h4 Rd7 20. Qf3 Qxf3+ 21. Kxf3 f5 22.
Ng5 hxg5 23. hxg5 Rd2 24. g6 Rxb2 25. Rad1 Rd8 26. Rxd8+ Bxd8 27. Rd1 Bb6 28. Rd7 Rxf2# 0-1

[Event "*** Titled Tuesday Blitz"]
[Site "Chess.com"]
[Date "2020.05.05"]
[Round "1"]
[White "827883"]
[Black "Balla_Tamas"]
[Result "0-1"]
[WhiteElo "2213"]
[BlackElo "2557"]
[TimeControl "180+1"]
[EndTime "10:04:23 PDT"]
[Termination "Balla_Tamas won by resignation"]

1. e4 c5 2. Nf3 e6 3. d4 cxd4 4. Nxd4 a6 5. Nc3 Qc7 6. g3 Bb4 7. Bd2 Nf6 8. Bg2 Nc6 9. Nde2 Be7 10. O-O d6 11. a4 b6 12. Re1 Bb7 13. h3 Ne5 14. b3 O-O 15. f4 Qc5+ 16. Kh2 Neg4+ 17.
hxg4 Nxg4+ 18. Kh1 Nf2+ 19. Kh2 Nxd1 20. Raxd1 Rac8 21. Bc1 b5 22. axb5 axb5 23. Rd2 Rc7 24. Red1 Bf6 25.
Nb1 b4 26. Rxd6 Qxc2 0-1

[Event "*** Titled Tuesday Blitz"]
[Site "Chess.com"]
[Date "2020.05.05"]
[Round "1"]
[White "MartinMatthiesen"]
[Black "Bigfish1995"]
[Result "0-1"]
[WhiteElo "2471"]
[BlackElo "3113"]
[TimeControl "180+1"]
[EndTime "10:04:25 PDT"]
[Termination "Bigfish1995 won by resignation"]

1. d4 Nf6 2. c4 e6 3. Nf3 b6 4.
g3 Bb7 5. Bg2 Be7 6. O-O O-O 7.
Nc3 Ne4 8. Nxe4 Bxe4 9. Nh4 Bxg2 10. Nxg2 d5 11. Qa4 Qd7 12. Qxd7 Nxd7 13. cxd5 exd5 14. Nf4 c6 15. Be3 Rfc8 16. Rfd1 f6 17. Rac1 Kf7 18. h4 Nf8 19. Rc3 Ke8 20. Rdc1 Kd7 21.
Kg2 g6 22. f3 Bd6 23. Nd3 Re8 24. Kf2 Bxg3+ 25. Kxg3 Rxe3 26. Rxc6 Ne6 27. Nf4 Nxd4 28. Rc7+ Kd6 29. Rxh7 g5 30. hxg5 fxg5 31. Rh6+ Ke5 32. Ng6+ Kf6 33. Rc7 Nf5+ 34. Kf2 Nxh6 35. Kxe3 Nf5+ 0-1

[Event "*** Titled Tuesday Blitz"]
[Site "Chess.com"]
[Date "2020.05.05"]
[Round "1"]
[White "vladislavkovalev"]
[Black "Char_dasha"]
[Result "1-0"]
[WhiteElo "2869"]
[BlackElo "2436"]
[TimeControl "180+1"]
[EndTime "10:04:25 PDT"]
[Termination "vladislavkovalev won on time"]

1. e4 c6 2. Nf3 d5 3. Nc3 Nf6 4. e5 Ne4 5. Ne2 Qb6 6. d4 e6 7. Ng3 Nxg3 8. hxg3 c5 9. c3 Nc6 10. a3 Bd7 11. b4 cxd4 12. cxd4 a5 13. b5 Ne7 14. a4 Nf5 15. Ba3 Rc8 16. Bxf8 Kxf8 17. g4 Ne7 18. Bd3 h6 19. Rc1 g6 20. Qd2 Rxc1+ 21. Qxc1 1-0

[Event "*** Titled Tuesday Blitz"]
[Site "Chess.com"]
[Date "2020.05.05"]
[Round "1"]
[White "WiktoriaPOL"]
[Black "blitzking1729"]
[Result "0-1"]
[WhiteElo "2021"]
[BlackElo "2484"]
[TimeControl "180+1"]
[EndTime "10:04:25 PDT"]
[Termination "blitzking1729 won by resignation"]

1. c4 e5 2. Nc3 d6 3. Nf3 f5 4. d4 e4 5. Nd2 Nf6 6. e3 c6 7.
f3 d5 8. cxd5 cxd5 9. Qb3 Be7 10. Be2 Nc6 11. O-O O-O 12. fxe4 fxe4 13. Ndxe4 Nxe4 14. Nxe4 Rxf1+ 15. Bxf1 Na5 16. Qc2 dxe4 17. Qxe4 Bf6 18.
b4 Nc6 19. Bc4+ Kh8 20. Bd3 g6 21. a3 Bf5 22. Qf3 Nxd4 23. exd4 Qxd4+ 24. Kh1 Qxa1 0-1